 Dungeon Crawl Stone Soup version 0.22-a0-609-gfedc9ff (webtiles) character file.

18 Hebeh the Firebug (level 2, -2/15 HPs)
             Began as a Deep Elf Fire Elementalist on July 10, 2018.
             Slain by a hobgoblin
             ... wielding a +0 club
              (6 damage)
             ... on level 1 of the Dungeon.
             The game lasted 00:02:34 (439 turns).

Hebeh the Firebug (Deep Elf Fire Elementalist)       Turns: 439, Time: 00:02:35

Health: -2/15      AC:  2    Str:  5    XL:     2   Next: 48%
Magic:  1/8        EV: 13    Int: 19    God:
Gold:   0          SH:  0    Dex: 15    Spells: 6/7 levels left

rFire    . . .     SeeInvis .   e - +0 falchion
rCold    . . .     Gourm    .   (no shield)
rNeg     . . .     Faith    .   a - +0 robe
rPois    .         Spirit   .   (no helmet)
rElec    .         Reflect  .   (no cloak)
rCorr    .         Harm     .   (no gloves)
MR       .....                  (no boots)
Stlth    ++........             (no amulet)
HPRegen  0.05/turn              (no ring)
MPRegen  0.11/turn              (no ring)

@: very slightly contaminated
A: no striking features
a: no special abilities


You were on level 1 of the Dungeon.
You were not hungry.

You visited 1 branch of the dungeon, and saw 1 of its levels.

Inventory:

Hand Weapons
 e - a +0 falchion (weapon)
Missiles
 f - a stone (quivered)
Armour
 a - a +0 robe (worn)
Scrolls
 d - 2 scrolls of remove curse {unknown}
Comestibles
 b - a chunk of flesh
 c - a ration


   Skills:
 - Level 2.4 Dodging
 - Level 2.4 Stealth
 + Level 3.3 Spellcasting
 * Level 2.1 Conjurations
 + Level 3.5 Fire Magic


You had 6 spell levels left.
You knew the following spells:

 Your Spells              Type           Power        Failure   Level  Hunger
a - Flame Tongue          Conj/Fire      ##...        4%          1    None

Your spell library contained the following spells:

 Spells                   Type           Power        Failure   Level  Hunger
 Fireball                 Conj/Fire      ##........   77%         5    ######.
 Conjure Flame            Conj/Fire      ##......     14%         3    ###....
 Throw Flame              Conj/Fire      ##....       7%          2    ##.....
 Sticky Flame             Conj/Fire      ##......     41%         4    ####...
 Inner Flame              Hex/Fire       #.......     22%         3    ###....


Dungeon Overview and Level Annotations

Branches:
Dungeon (1/15)

Altars:
Okawaru


Message History

The goblin freezes you. The goblin hits you but does no damage.
You closely miss the hobgoblin. The goblin closely misses you.
The hobgoblin hits you but does no damage.
You hit the hobgoblin but do no damage. The hobgoblin misses you.
You riposte.
You hit the hobgoblin.
The hobgoblin is severely wounded.
The goblin barely misses you. The hobgoblin closely misses you.
The hobgoblin misses you.
You barely miss the hobgoblin.
The hobgoblin is severely wounded.
The goblin hits you with a dagger of freezing.
The goblin freezes you. The hobgoblin misses you.
The hobgoblin closely misses you.
The goblin hits you with a dagger of freezing.
The goblin freezes you.
* * * LOW HITPOINT WARNING * * *
You hit the goblin.
The goblin is severely wounded.
The hobgoblin hits you with a club.
You die...

.......##.).......# #...........#
.####################.#########.#
.###................#.#########.#
.#.......>.......................
.#†........#######..#.##.######.#
.#.........# #.....#.##.#....#.#
'###'####### #.....#..#.#.......
......# #.....#..#.#.......
......# +g@...#....#.##....
......# #gg..##.#..#.##.#.#
......# #....#.....#'##'#.#
......# . .....####.........#
......# .....#.# ##........#
......# .....#.#####.........
......# ...#..............##.#
.......#.#.....#.#.##.# ...
#.#.......#.##.#


You could see 2 hobgoblins and a goblin.

Vanquished Creatures
  2 leopard geckos (D:1)
  A ball python (D:1)
  2 bats (D:1)
  2 giant cockroaches (D:1)
  A goblin (D:1)
  2 hobgoblins (D:1)
  2 kobolds (D:1)
  2 rats (D:1)
14 creatures vanquished.

Notes
Turn   | Place    | Note
-------+----------+-------------------------------------------
     0 | D:1      | Hebeh the Deep Elf Fire Elementalist began the quest for the Orb.
     0 | D:1      | Reached XP level 1. HP: 10/10 MP: 6/6
   138 | D:1      | Found an iron altar of Okawaru.
   196 | D:1      | Reached XP level 2. HP: 14/15 MP: 2/8
   439 | D:1      | Slain by a hobgoblin

Vault maps used:
D:1:      mrwooster_arrival_statue, okawaru_ov_weapons_minmay

Skill      XL: |  1  2 |
---------------+-------+-----
Conjurations   | 2 |  2.1
Dodging        | |  2.4
Stealth        | |  2.4
Spellcasting   | |  3.3
Fire Magic     | |  3.5

Action                   || total
-------------------------++-------
Melee: Falchion          ||     5
 Cast: Flame Tongue      ||    24
Armor: Robe              ||     3
Dodge: Dodged            ||    18
       Rpst.: Falchion   ||     4

Table legend:
 A = Spawn XP
 B = Non-spawn XP
 C = Spawn XP percentage of total XP
 D = Spawn monster count
 E = Non-spawn monster count
 F = Spawn count percentage of total count
 G = Total turns spent on level
                    A         B        C        D         E        F      G
               +---------+---------+-------+---------+---------+-------+---------
         Total |       0 |      26 |   0.0 |       0 |      14 |   0.0 |   439
               +---------+---------+-------+---------+---------+-------+---------
           D:1 |       0 |      26 |   0.0 |       0 |      14 |   0.0 |   439
               +---------+---------+-------+---------+---------+-------+---------
